 Dungeon Crawl Stone Soup version 0.30-a0-325-gb515db48ae (webtiles) character file.

Game seed: 15287500719428112567

168833 Kirkhe the Severer (level 17, -6/146 HPs)
             Began as a Demonspawn Delver on Oct 28, 2022.
             Was the Champion of Okawaru.
             Mangled by a deep elf blademaster
             ... wielding a +0 short sword
              (12 damage)
             ... on level 3 of the Elven Halls.
             The game lasted 01:00:26 (24346 turns).

Kirkhe the Severer (Demonspawn Delver)             Turns: 24346, Time: 01:00:27

Health: -6/146     AC: 41    Str: 19    XL:     17   Next: 34%
Magic:  26/31      EV: 13    Int: 18    God:    Okawaru [******]
Gold:   1896       SH: 11    Dex: 16    Spells: 16/16 levels left

rFire   + + .      SeeInvis +    y - +9 broad axe "Kesith" {venom, Fly Str-3 Int+4}
rCold   + . .      Faith    .    F - +0 buckler
rNeg    . . .      Spirit   .    r - +8 chain mail "Teosogg" {+Blink Will+ MP+9}
rPois   .          Reflect  .    l - +0 helmet
rElec   +          Harm     .    t - +2 cloak {rCorr}
rCorr   +          Rampage  .    c - +2 pair of gloves {Str+3}
Will    ++...                    q - +0 pair of boots of Incorporation {rF++ Int+2}
Stlth   +.........               I - amulet of regeneration
HPRegen 3.24/turn                B - ring of see invisible
MPRegen 0.22/turn                S - ring of protection from cold

@: heroic, finesse-ful, flying
A: thin metallic scales 3, icemail 1, powered by death 2, condensation shield,
weakness stinger 2
a: Renounce Religion, Evoke Blink, Heroism, Finesse, Duel


You were on level 3 of the Elven Halls.
You worshipped Okawaru.
Okawaru was exalted by your worship.
You visited 4 branches of the dungeon, and saw 25 of its levels.
You visited the Abyss 1 time.
You visited 1 bazaar.
You also visited: Bailey, Gauntlet and Ice Cave.

You collected 5225 gold pieces.
You spent 3329 gold pieces at shops.

Inventory:

Hand Weapons
 y - the +9 broad axe "Kesith" (weapon) {venom, Fly Str-3 Int+4}
   (You acquired it on level 3 of the Dungeon)

   It poisons the flesh of those it strikes.
   Str:       It affects your strength (-3).
   Int:       It affects your intelligence (+4).
   Fly:       It grants you flight.
 L - a +4 executioner's axe of draining
 N - a +4 battleaxe of flaming
 O - the +9 lance "Wyrmbane" {slay drac, rPois rF+ rC+ AC+3}
   (You took it off Maggie on level 9 of the Dungeon)

   It inflicts extra damage against dragons and draconians.
   AC:        It affects your AC (+3).
   rF:        It protects you from fire.
   rC:        It protects you from cold.
   rPois:     It protects you from poison.
Missiles
 x - 2 throwing nets (quivered)
Armour
 a - a scarf of resistance
 c - a +2 pair of gloves of strength (worn)
 j - the +1 helmet of Mumblety Peg {rF- rC+ rN+ Dex+4}
   (Okawaru gifted it to you in an ice cave)

   Dex:       It affects your dexterity (+4).
   rF:        It makes you vulnerable to fire.
   rC:        It protects you from cold.
   rN:        It protects you from negative energy.
 l - a +0 helmet (worn)
 q - the +0 pair of boots of Incorporation (worn) {rF++ Int+2}
   (You found it in a Gauntlet)

   Int:       It affects your intelligence (+2).
   rF:        It greatly protects you from fire.
 r - the +8 chain mail "Teosogg" (worn) {+Blink Will+ MP+9}
   (You found it on level 6 of the Dungeon)

   MP:        It affects your magic capacity (+9).
   +Blink:    It lets you blink.
   Will:      It increases your willpower.
 t - a +2 cloak of preservation (worn)
 w - a +0 pair of boots of rampaging
 F - a +0 buckler (worn)
Jewellery
 i - an amulet of guardian spirit
 k - a +4 ring of evasion
 s - a +6 ring of strength
 B - a ring of see invisible (left hand)
 I - an amulet of regeneration (around neck)
 J - a ring of wizardry
 S - a ring of protection from cold (right hand)
 W - a ring of resist corrosion
 Y - a ring of flight
 Z - a ring of protection from cold
Wands
 g - a wand of digging (7)
 C - a wand of quicksilver (20)
 H - a wand of mindburst (24)
 M - a wand of paralysis (21)
 P - a wand of iceblast (16)
Scrolls
 b - 7 scrolls of amnesia
 d - a scroll of magic mapping
 e - 3 scrolls of fear
 h - 9 scrolls of teleportation
 n - 4 scrolls of enchant armour
 u - 3 scrolls of vulnerability
 D - 3 scrolls of silence
 T - 5 scrolls of identify
Potions
 f - 4 potions of haste
 m - 2 potions of resistance
 o - 4 potions of brilliance
 p - 9 potions of flight
 z - a potion of invisibility
 A - 5 potions of attraction
 E - 6 potions of mutation
 G - 2 potions of magic
 K - 2 potions of cancellation
 Q - 3 potions of might
 R - 3 potions of ambrosia
 U - a potion of lignification
 V - 4 potions of curing
 X - 3 potions of berserk rage


   Skills:
 + Level 16.7(21.7) Fighting
 + Level 20.3(25.3) Axes
 + Level 0.1(5.1) Throwing
 + Level 11.7(16.7) Armour
 + Level 6.4(11.4) Dodging
 - Level 4.5(9.5) Stealth
 - Level 5.1(10.1) Shields
 - Level 7.4 Invocations
 + Level 0.2 Evocations


You had 16 spell levels left.
You didn't know any spells.
Your spell library contained the following spells:

 Spells                   Type           Power      Damage    Failure   Level
 Apportation              Tloc           0%         N/A       80%         1
 Freeze                   Ice            0%         1d3       80%         1
 Kiss of Death            Conj/Necr      0%         2d5       80%         1
 Slow                     Hex            0%         N/A       80%         1
 Blink                    Tloc           0%         N/A       91%         2
 Cigotuvi's Dreadful Rot  Necr/Pois/Air  0%         N/A       91%         2
 Ensorcelled Hibernation  Hex/Ice        0%         N/A       91%         2
 Momentum Strike          Conj/Tloc      0%         3d8       91%         2
 Passwall                 Tmut/Erth      0%         N/A       91%         2
 Static Discharge         Conj/Air       0%         2-2/arc   91%         2
 Confusing Touch          Hex            0%         N/A       99%         3
 Dazzling Flash           Conj/Hex       0%         N/A       99%         3
 Frozen Ramparts          Ice            0%         1d1       99%         3
 Hailstorm                Conj/Ice       0%         3d3       99%         3
 Lesser Beckoning         Tloc           0%         N/A       99%         3
 Swiftness                Air            0%         N/A       99%         3
 Vhi's Electric Charge    Tloc/Air       0%         N/A       99%         3
 Dispel Undead            Necr           0%         3d6       100%        4
 Ice Form                 Ice/Tmut       0%         N/A       100%        4
 Iskenderun's Mystic Bla  Conj/Tloc      0%         2d3       100%        4
 Passage of Golubria      Tloc           0%         N/A       100%        4
 Alistair's Intoxication  Tmut/Pois      0%         N/A       100%        5
 Arcjolt                  Conj/Air       0%         1d10      100%        5
 Borgnjor's Vile Clutch   Necr/Erth      0%         N/A       100%        5
 Lightning Bolt           Conj/Air       0%         1d11      100%        5
 Silence                  Hex/Air        0%         N/A       100%        5
 Yara's Violent Unravell  Hex/Tmut       0%         3d3       100%        5
 Iron Shot                Conj/Erth      0%         9d1       100%        6
 Starburst                Conj/Fire      0%         6d3       100%        6
 Lehudib's Crystal Spear  Conj/Erth      0%         10d2      100%        8
 Animate Dead             Necr           Unusable   N/A       N/A         4
 Death Channel            Necr           Unusable   N/A       N/A         6
 Simulacrum               Ice/Necr       Unusable   N/A       N/A         6

Dungeon Overview and Level Annotations

Branches:
Dungeon (15/15)            Temple (0/1) D:7            Lair (5/5) D:10
 Shoals (0/4) Lair:3        Snake (0/4) Lair:3        Slime (0/5) Lair:5
    Orc (2/2) D:12            Elf (3/3) Orc:2        Vaults (0/5) D:13
 Depths (0/4) D:15         Bailey (visited)           IceCv (visited)
Gauntlet (visited)

Altars:
Ashenzari
Dithmenos
Kikubaaqudgha
Makhleb
Nemelex Xobeh
Okawaru
Sif Muna
Vehumet
Xom
Jiyva

Shops:
D:2 (   D:5 [   D:6 :   D:11 *   Orc:1 [   Orc:2 ([*:   Elf:1 (

Portals:
Hell: Lair:5

Annotations:
D:12 exclusion: obsidian statue
Lair:5 exclusion: oklob plant
Elf:2 3 runed translucent doors
Elf:3 2 exclusions, Roxanne


Innate Abilities, Weirdness & Mutations

You are completely covered in thin metallic scales. (AC +4, rElec)
A meltable icy envelope protects you from harm. (AC +4)
You regenerate health from kills.
A meltable shield of frost defends you. (SH +4)
You have a tail ending in a sharp stinger.


Message History

The deep elf blademaster is moderately wounded.
You hit the deep elf high priest.
The deep elf high priest looks as sick as possible!
You completely miss the deep elf blademaster.
You kill the deep elf high priest!
Okawaru accepts your kill.
You block the deep elf blademaster's attack.
The deep elf blademaster hits you but does no damage.
The deep elf master archer shoots an arrow.
The arrow misses you.
Unknown command.
Unknown command.
Unknown command.
You completely miss the deep elf blademaster.
The deep elf blademaster is severely wounded.
You slice the deep elf blademaster!!
The deep elf blademaster hits you but does no damage. x2
Unknown command.
Unknown command.
You feel better.
You block the deep elf blademaster's attack.
The deep elf blademaster barely misses you.
The deep elf master archer shoots an arrow.
The arrow hits you but does no damage.
You block the deep elf blademaster's attack.
The deep elf blademaster hits you but does no damage.
You block the deep elf blademaster's attack. x2
The deep elf master archer shoots an arrow.
The arrow closely misses you.
You barely miss the deep elf blademaster.
The deep elf blademaster is severely wounded.
You miss the deep elf blademaster.
The deep elf blademaster hits you with a +0 rapier!
* * * LOW HITPOINT WARNING * * *
The deep elf blademaster hits you with a +0 rapier.
* * * LOW HITPOINT WARNING * * *
The deep elf master archer shoots an arrow.
The arrow hits you but does no damage.
The deep elf blademaster hits you with a +0 short sword!
You die...

*,,,##.||[####......
**,,##...###........)
*,,,#...##...........
**,,##).##,...###.....
*,,,#)..#,,.##* ###...
*,,##||##,,** ##..
*,,#)[.#,,,* #..
*,,#e..#,,** ##.
*+*##@##,,* #.
#..e.e)...#* *#.
#..........# *..
#..........#* **,,
#.:.........#** ***,,,
##...........,***,,,,,
#...........,,,,,,,,,
##.....⌠....,,,,,,,,,
*,,,,,,,,,,,,,,,,,,,


You could see 2 deep elf blademasters and a deep elf master archer.

Vanquished Creatures
  A Hell Sentinel (Abyss:2)
  Rupert (Lair:4)
  A lich (Abyss:2)
  A deep elf master archer (Elf:3)
  2 deep elf blademasters (Elf:3)
  Gastronok (D:9)
  Kirke (D:12)
  Donald (Elf:2)
  A frost giant (IceCv)
  10 deep elf sorcerers (Elf:3)
  An orc warlord (Orc:2)
  3 deep elf elementalists (Elf:3)
  3 deep elf annihilators (Elf:3)
  A minotaur (Gauntlet)
  3 deep elf demonologists (Elf:3)
  A dire elephant (Lair:5)
  A green death (Abyss:2)
  An ettin (D:15)
  A deep elf death mage (Elf:3)
  Snorg (Orc:2)
  4 deep elf high priests (Elf:3)
  A rakshasa (D:13)
  4 hydras
  Erolcha (D:9)
  A catoblepas (Lair:5)
  3 centaur warriors
  An ogre mage (D:11)
  6 boulder beetles
  6 two-headed ogres
  9 death yaks (IceCv)
  3 orc high priests (Orc:2)
  10 dancing weapons
  2 tengu warriors
  Nergalle (D:10)
  Urug (D:12)
  3 wretched stars (Abyss:2)
  Sonja (Orc:2)
  An iron troll (D:13)
  14 deep elf knights
  A sun demon (Lair:5)
  A deep troll (D:15)
  6 deep elf archers
  7 orc knights
  3 wizards
  2 large abominations (Abyss:2)
  18 ugly things
  12 deep elf zephyrmancers
  10 deep elf pyromancers
  6 orc sorcerers
  12 cyclopes
  3 manticores
  A salamander (shapeshifter) (D:11)
  6 elephants (Lair:2)
  A rust devil (Abyss:2)
  2 black mambas
  Joseph (D:7)
  3 smoke demons
  An ice statue (IceCv)
  4 orange demons
  A torpor snail (shapeshifter) (Elf:3)
  11 cane toads
  17 rime drakes
  2 efreet
  Maggie (D:9)
  4 ice devils
  3 kobold demonologists
  3 tengu conjurers
  12 komodo dragons
  A red devil (Lair:5)
  4 meliai
  Grinder (D:4)
  12 polar bears
  12 blink frogs
  10 trolls
  A hornet (D:11)
  Prince Ribbit (D:8)
  A raiju (Abyss:2)
  14 slime creatures
  6 dream sheep (Lair:3)
  3 air elementals (Elf:1)
  Sigmund (D:4)
  A centaur simulacrum (D:14)
  A shadow (D:11)
  4 water elementals
  6 wraiths
  2 wyverns
  3 fire elementals
  62 yaks
  A hog (D:12)
  6 humans (D:12)
  A chaos spawn (Abyss:2)
  A redback (shapeshifter) (D:13)
  2 basilisks
  A golden eye (shapeshifter) (D:15)
  5 vampire mosquitoes
  Eustachio (D:5)
  4 wargs (Orc:1)
  Menkaure (D:4)
  7 acid dragons
  Edmund (D:5)
  4 nagas (Lair:3)
  4 hell hounds (Lair:5)
  18 water moccasins
  2 black bears
  2 sky beasts
  5 ice beasts
  38 orc warriors
  6 ogres
  16 wolves
  6 centaurs
  3 phantoms (D:12)
  3 kobold brigands
  A gnoll sergeant (D:11)
  2 necrophages
  8 bullfrogs
  3 small abominations (Abyss:2)
  A scorpion (D:5)
  21 wights
  9 killer bees
  4 electric eels
  7 howler monkeys
  6 starcursed masses (Abyss:2)
  Crazy Yiuf (D:4)
  3 jellies
  30 orc priests
  2 hounds
  5 hell rats (Lair:3)
  4 iguanas
  31 orc wizards
  Terence (D:3)
  6 ogre zombies (D:12)
  4 gnolls
  7 adders
  2 shadow imps
  3 white imps
  2 ufetubi (D:5)
  5 worms
  8 dart slugs
  99 orcs
  6 ball pythons
  3 endoplasms
  6 giant cockroaches
  9 goblins
  9 hobgoblins
  2 jackals (D:3)
  A quokka (D:2)
  5 bats
  6 frilled lizards
  A goblin skeleton (D:12)
  2 goblin zombies (D:12)
  A hobgoblin skeleton (D:12)
  A hobgoblin zombie (D:12)
  20 kobolds
  14 orc zombies (D:12)
  5 rats
  2 bushes (Lair:5)
914 creatures vanquished.

Vanquished Creatures (others)
  A wizard (Lair:5)
  A large abomination (D:12)
  A small abomination (Abyss:2)
  An orc wizard (D:12)
  A shadow imp (D:12)
  2 white imps (D:12)
  2 ufetubi (D:12)
  A kobold (D:13)
  21 fungi
  35 plants
66 creatures vanquished.

Grand Total: 980 creatures vanquished

Notes
Turn   | Place    | Note
-------+----------+-------------------------------------------
     0 | D:5      | Kirkhe the Demonspawn Delver began the quest for the Orb.
     0 | D:5      | Reached XP level 1. HP: 18/18 MP: 1/1
   128 | D:4      | Noticed an iguana
   183 | D:3      | Reached skill level 2 in Axes
   191 | D:3      | Gained mutation: You regenerate a little health from kills.
                  | [demonic ancestry]
   191 | D:3      | Reached XP level 2. HP: 24/24 MP: 2/2
   667 | D:1      | Reached XP level 3. HP: 29/29 MP: 3/3
  1297 | D:2      | Found Amenuext's Weapon Boutique.
  1970 | D:3      | Identified a scroll of acquirement
  1970 | D:3      | Acquired the +9 broad axe "Kesith" {venom, Fly Str-3 Int+4}
  1980 | D:3      | Reached skill level 1 in Armour
  2013 | D:3      | Reached XP level 4. HP: 37/37 MP: 4/4
  2167 | D:3      | Noticed Terence
  2176 | D:3      | Killed Terence
  2177 | D:3      | Reached skill level 3 in Axes
  2531 | D:4      | Noticed Sigmund
  2541 | D:4      | Killed Sigmund
  2542 | D:4      | Reached skill level 4 in Axes
  2542 | D:4      | Gained mutation: You are partially covered in thin metallic
                  | scales. (AC +2) [demonic ancestry]
  2542 | D:4      | Reached XP level 5. HP: 26/42 MP: 5/5
  2542 | D:4      | Gained mutation: A meltable shield of frost defends you.
                  | (SH +4) [demonic ancestry]
  2542 | D:4      | Reached XP level 6. HP: 30/48 MP: 6/6
  2667 | D:4      | Noticed Grinder
  2690 | D:4      | Killed Grinder
  2691 | D:4      | Reached skill level 5 in Axes
  2691 | D:4      | Reached XP level 7. HP: 29/55 MP: 7/7
  2877 | D:4      | Noticed Menkaure
  2906 | D:4      | Killed Menkaure
  2907 | D:4      | Reached skill level 6 in Axes
  3395 | D:4      | Found a runed translucent door.
  3396 | D:4      | Noticed Crazy Yiuf
  3595 | D:4      | Paralysed by Crazy Yiuf for 3 turns
  3601 | D:4      | Killed Crazy Yiuf
  3838 | D:5      | Noticed Eustachio
  3851 | D:5      | Killed Eustachio
  3852 | D:5      | Reached skill level 1 in Shields
  3852 | D:5      | Gained mutation: A meltable icy envelope protects you from
                  | harm. (AC +4) [demonic ancestry]
  3852 | D:5      | Reached XP level 8. HP: 49/61 MP: 8/8
  3971 | D:5      | Noticed Edmund
  3982 | D:5      | Killed Edmund
  3983 | D:5      | Reached skill level 5 in Fighting
  3985 | D:5      | Reached skill level 7 in Axes
  4428 | D:5      | Found Ukomy's Armour Emporium.
  4436 | D:5      | Bought a +0 cloak of willpower for 161 gold pieces
  4695 | D:6      | Identified the +8 chain mail "Teosogg" {+Blink Will+ MP+9}
  4812 | D:6      | Found an iron altar of Okawaru.
  4842 | D:6      | Became a worshipper of Warmaster Okawaru
  5283 | D:6      | Reached skill level 8 in Axes
  5307 | D:6      | Found a shadowy altar of Dithmenos.
  5313 | D:6      | Found a sparkling altar of Nemelex Xobeh.
  5318 | D:6      | Found a broken altar of Ashenzari.
  5380 | D:6      | Identified the +2 dagger "Dinwedoo" {spect, rF+ Will+}
  5508 | D:6      | Found Layjeyll's Book Boutique.
  5773 | D:6      | Gained mutation: You are mostly covered in thin metallic
                  | scales. (AC +3) [demonic ancestry]
  5773 | D:6      | Reached XP level 9. HP: 69/69 MP: 9/9
  5834 | D:7      | Found a staircase to the Ecumenical Temple.
  6017 | D:7      | Reached * piety under Okawaru
  6180 | D:7      | Noticed Joseph
  6190 | D:7      | Killed Joseph
  6191 | D:7      | Reached skill level 9 in Axes
  6211 | D:7      | Noticed a two-headed ogre
  6217 | D:7      | Killed a two-headed ogre
  6217 | D:7      | Reached ** piety under Okawaru
  6234 | D:7      | Reached skill level 10 in Axes
  6234 | D:7      | Found a flagged portal.
  6327 | Bailey   | Entered a bailey
  6394 | Bailey   | Reached *** piety under Okawaru
  6396 | Bailey   | Reached XP level 10. HP: 77/77 MP: 10/10
  6399 | Bailey   | Reached skill level 5 in Armour
  7133 | D:8      | Reached **** piety under Okawaru
  7137 | D:8      | Noticed Prince Ribbit
  7151 | D:8      | Killed Prince Ribbit
  7152 | D:8      | Reached skill level 11 in Axes
  7416 | D:9      | Noticed Erolcha
  7431 | D:9      | Killed Erolcha
  7616 | D:9      | Reached ***** piety under Okawaru
  7648 | D:9      | Noticed Maggie
  7707 | D:9      | Found an ancient bone altar of Kikubaaqudgha.
  7734 | D:9      | Noticed Gastronok
  7740 | D:9      | Reached skill level 12 in Axes
  7750 | D:9      | Killed Gastronok
  7750 | D:9      | Received a gift from Okawaru
  7751 | D:9      | Gained mutation: You have a small tail. [demonic ancestry]
  7751 | D:9      | Reached XP level 11. HP: 85/86 MP: 11/11
  7815 | D:9      | Noticed a two-headed ogre
  7820 | D:9      | Killed a two-headed ogre
  7821 | D:9      | Reached skill level 1 in Invocations
  8324 | D:10     | Entered Level 10 of the Dungeon
  8491 | D:10     | Noticed a two-headed ogre
  8497 | D:10     | Killed a two-headed ogre
  8513 | D:10     | Noticed a lindwurm
  8514 | D:10     | Noticed a lindwurm
  8522 | D:10     | Noticed a lindwurm
  8565 | D:10     | Received a gift from Okawaru
  8567 | D:10     | Found a staircase to the Lair.
  8570 | D:10     | Reached skill level 13 in Axes
  8639 | D:10     | Noticed a two-headed ogre
  8645 | D:10     | Killed a two-headed ogre
  8865 | D:10     | Identified the +0 scale mail "Qakahups" {-Tele rElec Dex+3
                  | Slay+5}
  8952 | D:10     | Noticed Nergalle
  8962 | D:10     | Killed Nergalle
  8989 | D:10     | Noticed a two-headed ogre
  8996 | D:10     | Killed a two-headed ogre
  9142 | D:11     | Reached skill level 5 in Invocations
  9154 | D:11     | Reached ****** piety under Okawaru
  9171 | D:11     | Identified the +0 plate armour of Okawaru's Reproof {rF-
                  | rN+ MP+9} (Okawaru gifted it to you on level 11 of the
                  | Dungeon)
  9171 | D:11     | Received a gift from Okawaru
  9195 | D:11     | Reached XP level 12. HP: 94/94 MP: 15/15
  9273 | D:11     | Noticed a boulder beetle
  9286 | D:11     | Killed a boulder beetle
  9312 | D:11     | Found a radiant altar of Vehumet.
  9372 | D:11     | Noticed a boulder beetle
  9375 | D:11     | Noticed a tengu warrior
  9378 | D:11     | Noticed an ogre mage
  9379 | D:11     | Reached skill level 14 in Axes
  9392 | D:11     | Killed a tengu warrior
  9393 | D:11     | Killed an ogre mage
  9404 | D:11     | Killed a boulder beetle
  9424 | D:11     | Noticed a boulder beetle
  9436 | D:11     | Killed a boulder beetle
  9475 | D:11     | Found Noelynt's Assorted Antiques.
  9494 | D:11     | Bought a smoky inky potion for 18 gold pieces
  9494 | D:11     | Bought a fizzy amethyst potion for 18 gold pieces
  9494 | D:11     | Bought a scroll of identify for 42 gold pieces
  9494 | D:11     | Bought a scroll of enchant weapon for 157 gold pieces
  9772 | D:11     | Bought a potion of curing for 63 gold pieces
  9851 | D:11     | Noticed a boulder beetle
  9864 | D:11     | Killed a boulder beetle
  9944 | D:11     | Received a gift from Okawaru
 10192 | D:12     | Noticed Kirke
 10197 | D:12     | Noticed a sphinx
 10203 | D:12     | Killed Kirke
 10203 | D:12     | Identified the +4 hand axe "Codd" {freeze, rPois MP-9
                  | Stlth+} (Okawaru gifted it to you on level 12 of the
                  | Dungeon)
 10203 | D:12     | Received a gift from Okawaru
 10204 | D:12     | Reached skill level 10 in Fighting
 10204 | D:12     | Reached skill level 15 in Axes
 10256 | D:12     | Reached XP level 13. HP: 103/103 MP: 18/18
 10296 | D:12     | Noticed Urug
 10306 | D:12     | Killed Urug
 10318 | D:12     | Found a staircase to the Orcish Mines.
 10854 | D:13     | Received a gift from Okawaru
 11051 | D:13     | Reached skill level 5 in Shields
 11419 | D:13     | Found a gate to the Vaults.
 11596 | D:13     | Reached skill level 16 in Axes
 11855 | Lair:1   | Entered Level 1 of the Lair of Beasts
 11969 | Lair:1   | Received a gift from Okawaru
 13479 | Lair:3   | Found a staircase to the Snake Pit.
 13519 | Lair:3   | Received a gift from Okawaru
 13606 | Lair:3   | Gained mutation: You are completely covered in thin
                  | metallic scales. (AC +4, rElec) [demonic ancestry]
 13606 | Lair:3   | Reached XP level 14. HP: 107/113 MP: 19/19
 13823 | Lair:3   | Found a staircase to the Shoals.
 13996 | Lair:4   | Reached skill level 17 in Axes
 14136 | Lair:4   | Found a frozen archway.
 14136 | Lair:4   | Noticed Rupert
 14149 | Lair:4   | Killed Rupert
 14304 | Lair:4   | Found a shimmering blue altar of Sif Muna.
 14406 | IceCv    | Entered an ice cave
 14435 | IceCv    | Identified the +1 helmet of Mumblety Peg {rF- rC+ rN+
                  | Dex+4} (Okawaru gifted it to you in an ice cave)
 14435 | IceCv    | Received a gift from Okawaru
 14438 | IceCv    | Reached skill level 5 in Dodging
 14536 | IceCv    | Noticed a frost giant
 14558 | IceCv    | Killed a frost giant
 15418 | Lair:5   | Entered Level 5 of the Lair of Beasts
 15442 | Lair:5   | Identified the +1 executioner's axe of Sunlight {vorpal,
                  | Stlth+} (Okawaru gifted it to you on level 5 of the Lair of
                  | Beasts)
 15442 | Lair:5   | Received a gift from Okawaru
 15469 | Lair:5   | Reached skill level 18 in Axes
 15621 | Lair:5   | Found a viscous altar of Jiyva.
 15622 | Lair:5   | Found a staircase to the Slime Pits.
 15822 | Lair:5   | Reached XP level 15. HP: 114/122 MP: 20/20
 16199 | Lair:5   | Received a gift from Okawaru
 16687 | Lair:5   | Acquired 1248 gold pieces
 16710 | Lair:5   | Found a burning altar of Makhleb.
 16718 | Lair:5   | HP: 6/122 [sun demon (17)]
 17107 | D:9      | Killed Maggie
 17297 | Lair:5   | Found a gateway to Hell.
 17518 | Orc:1    | Entered Level 1 of the Orcish Mines
 17518 | Orc:1    | Found Hemp's Antique Armour Shoppe.
 18104 | Orc:2    | Entered Level 2 of the Orcish Mines
 18222 | Orc:2    | Noticed Sonja
 18234 | Orc:2    | Killed Sonja
 18386 | Orc:2    | Found a staircase to the Elven Halls.
 18465 | Orc:2    | Noticed Snorg
 18466 | Orc:2    | Received a gift from Okawaru
 18480 | Orc:2    | Killed Snorg
 18724 | Orc:2    | Found Zuel's General Store.
 18725 | Orc:2    | Found Baromn's Book Shoppe.
 18727 | Orc:2    | Found Wiesa's Antique Armour Shoppe.
 18727 | Orc:2    | Found Somyolug's Antique Weapon Emporium.
 18732 | Orc:2    | Bought a scroll of teleportation for 30 gold pieces
 18732 | Orc:2    | Bought a scroll of enchant weapon for 75 gold pieces
 18732 | Orc:2    | Bought a potion of might for 40 gold pieces
 19006 | Orc:2    | Bought slimy gold dragon scales for 2635 gold pieces
 19006 | Orc:2    | Identified the +1 gold dragon scales of the Onion {Rampage
                  | rPois rF+ rC+} (You bought it in a shop on level 2 of the
                  | Orcish Mines)
 19966 | D:14     | Reached skill level 19 in Axes
 20008 | D:15     | Entered Level 15 of the Dungeon
 20008 | D:15     | Found a gate leading to a gauntlet.
 20076 | D:15     | Gained mutation: You have a tail ending in a sharp stinger.
                  | [demonic ancestry]
 20076 | D:15     | Reached XP level 16. HP: 106/134 MP: 21/21
 20097 | D:15     | Identified the +3 ring mail of Houbles {rElec Dex-3 Slay+3}
                  | (Okawaru gifted it to you on level 15 of the Dungeon)
 20097 | D:15     | Received a gift from Okawaru
 20147 | Gauntlet | Entered a Gauntlet
 20147 | Gauntlet | Found a transporter.
 20147 | Gauntlet | Found a runed translucent door.
 20147 | Gauntlet | Found a transporter.
 20147 | Gauntlet | Found a transporter.
 20147 | Gauntlet | Found a runed translucent door.
 20173 | Gauntlet | Found a transporter.
 20183 | Gauntlet | Found a transporter.
 20185 | Gauntlet | Found a transporter.
 20187 | Gauntlet | Found a large runed translucent door.
 20188 | Gauntlet | Found a large runed translucent door.
 20189 | Gauntlet | Found a large runed translucent door.
 20189 | Gauntlet | Found a large runed translucent door.
 20189 | Gauntlet | Found a runed translucent door.
 20190 | Gauntlet | Found a large runed translucent door.
 20191 | Gauntlet | Found a large runed translucent door.
 20192 | Gauntlet | Found a large runed translucent door.
 20192 | Gauntlet | Found a large runed translucent door.
 20193 | Gauntlet | Found a runed translucent gate.
 20193 | Gauntlet | Found a runed translucent gate.
 20195 | Gauntlet | Found a transporter.
 20204 | Gauntlet | Found a runed translucent gate.
 20205 | Gauntlet | Found a large runed translucent door.
 20206 | Gauntlet | Found a large runed translucent door.
 20207 | Gauntlet | Found a large runed translucent door.
 20214 | Gauntlet | Found a transporter.
 20218 | Gauntlet | Found a runed translucent door.
 20232 | Gauntlet | Found a transporter.
 20233 | Gauntlet | Found a transporter.
 20241 | Gauntlet | Found a transporter.
 20244 | Gauntlet | Found a transporter.
 20284 | Gauntlet | Found a large runed translucent door.
 20285 | Gauntlet | Found a large runed translucent door.
 20286 | Gauntlet | Found a large runed translucent door.
 20286 | Gauntlet | Found a large runed translucent door.
 20286 | Gauntlet | Found a runed translucent door.
 20287 | Gauntlet | Found a large runed translucent door.
 20415 | Gauntlet | Identified the +0 pair of boots of Incorporation {rF++
                  | Int+2}
 20591 | D:15     | Found a shimmering altar of Xom.
 20775 | D:15     | Found a staircase to the Depths.
 21136 | Elf:1    | Entered Level 1 of the Elven Halls
 21147 | Elf:1    | Paralysed by an air elemental for 1 turns
 21153 | Elf:1    | Paralysed by an air elemental for 1 turns
 21173 | Elf:1    | Reached skill level 15 in Fighting
 21264 | Elf:1    | Reached skill level 10 in Armour
 21737 | Elf:1    | Found Qiaklid's Antique Weapon Boutique.
 22037 | Elf:2    | Found a flickering gateway to a bazaar.
 22120 | Elf:2    | Noticed Donald
 22138 | Elf:2    | Killed Donald
 22179 | Bazaar   | Entered a bazaar
 22179 | Bazaar   | Found Qidy's Antique Weapon Shop.
 22191 | Bazaar   | Found Onymai's General Store.
 22199 | Bazaar   | Bought a scroll of enchant weapon for 90 gold pieces
 22222 | Bazaar   | Found Ixomn's Antique Armour Shop.
 22386 | Elf:2    | Found a runed translucent gate.
 22388 | Elf:2    | Found a runed translucent gate.
 22393 | Elf:2    | Found a runed translucent gate.
 22807 | Elf:3    | Entered Level 3 of the Elven Halls
 22976 | Abyss:2  | Cast into level 2 of the Abyss (a deep elf demonologist)
 23183 | Abyss:2  | Noticed a lich
 23194 | Abyss:2  | Killed a lich
 23214 | Abyss:2  | Identified the +1 ring mail "Qiyfop" {-Tele Regen+ Str+7
                  | Int-3} (Okawaru gifted it to you on level 2 of the Abyss)
 23214 | Abyss:2  | Received a gift from Okawaru
 23246 | Abyss:2  | Noticed a Hell Sentinel
 23273 | Abyss:2  | Killed a Hell Sentinel
 23292 | Elf:3    | Escaped the Abyss
 23451 | Elf:3    | Noticed Roxanne
 23765 | Elf:3    | Noticed a Tzitzimitl
 23952 | Elf:3    | Identified the ring of the Middle {rC+ Str+6}
 23953 | Elf:3    | Identified the +4 scimitar of Distant Worlds {vorpal, rPois
                  | Str+4}
 23971 | Elf:3    | Reached skill level 20 in Axes
 23982 | Elf:3    | Gained mutation: You regenerate health from kills. [demonic
                  | ancestry]
 23982 | Elf:3    | Reached XP level 17. HP: 138/144 MP: 22/22
 24095 | Elf:3    | Identified the +6 great mace "Fiesaotz" {protect, Str+2}
 24108 | Elf:3    | Identified the +2 mace "Dyviyr" {vorpal, rPois Dex+2
                  | Stlth+}
 24133 | Elf:3    | Noticed a deep elf master archer
 24143 | Elf:3    | Killed a deep elf master archer
 24151 | Elf:3    | Noticed a deep elf blademaster
 24157 | Elf:3    | Noticed a deep elf blademaster
 24179 | Elf:3    | Killed a deep elf blademaster
 24190 | Elf:3    | Killed a deep elf blademaster
 24196 | Elf:3    | Noticed a Hell Sentinel
 24202 | Elf:3    | Noticed a Hell Sentinel
 24241 | Elf:3    | Noticed a Hell Sentinel
 24261 | Elf:3    | Identified the +2 pair of boots "Buil" {rPois rN+ Int+4
                  | Stlth+} (Okawaru gifted it to you on level 3 of the Elven
                  | Halls)
 24261 | Elf:3    | Received a gift from Okawaru
 24316 | Elf:3    | Got the Dissertation on Rocky Jinxing
 24325 | Elf:3    | Noticed a deep elf blademaster
 24327 | Elf:3    | Noticed a deep elf blademaster
 24330 | Elf:3    | Noticed a deep elf master archer
 24346 | Elf:3    | HP: 6/146 [deep elf blademaster/+0 rapier (5)]
 24346 | Elf:3    | Mangled by a deep elf blademaster

Illustrated notes

Levels and vault maps discovered:
D:1:      wander_arrival_lonely_grave, layout_basic
D:2:      minmay_alternating_diamond, layout_basic, serial_shops,
          nicolae_diamond_shop, minmay_misc_feat_five
D:3:      layout_basic, serial_glass, glass_columns_c, glass_columns_a,
          uniq_terence
D:4:      wad_river_or_something, layout_basic, zin_statuary, uniq_menkaure,
          uniq_sigmund, uniq_crazy_yiuf_cottage, uniq_grinder
D:5:      layout_basic, serial_shops, shop, uniq_eustachio, uniq_edmund
D:6:      layout_layer_cave, okawaru_gym_becter,
          minmay_overflow_temple_star_quad, serial_shops, shop, sigmund_army
D:7:      layout_rooms, minmay_temple_entry_offerings, enter_bailey_2,
          uniq_joseph
D:8:      layout_basic, minivault_22, minmay_fountain_box, uniq_prince_ribbit1
D:9:      layout_stronghold, kiku_gazebo_pond_becter, minmay_holes, uniq_maggie,
          uniq_gastronok, uniq_erolcha
D:10:     layout_stronghold, hellmonk_lair_entry_icy, minmay_lindwurm_lava,
          uniq_nergalle
D:11:     minmay_the_grid_3x3 [minmay_the_grid_box_x, minmay_the_grid_embedded,
          minmay_the_grid_fan, minmay_the_grid_odd_star,
          minmay_the_grid_diamond_grid, minmay_the_grid_pillar_ring,
          minmay_the_grid_expand, minmay_the_grid_outer_diamond,
          minmay_the_grid_prize_big_room], layout_small_grid, serial_shops,
          shop, vehumet_crystals
D:12:     layout_cave_pools, zombieorc1_lemuel, chequers_big_river,
          hangedman_devilish_allure, uniq_kirke, uniq_urug
D:13:     layout_stronghold, david_vaults_4
D:14:     layout_irregular_city, chequers_avenue
D:15:     hangedman_depths_entry_civil_slaughter, layout_cave_pools,
          gauntlet_entry_generic, lemuel_crystal_altar
Lair:1:   layout_regular_city
Lair:2:   layout_roguey, cheibrodos_lair_lostbears
Lair:3:   layout_roguey, elwin_shoals_entry_rooms,
          minmay_snake_entry_guardpost_medium
Lair:4:   layout_cave_pods, basic_altar, portal_ice_cave_demonic_guard,
          minmay_lair_drake_nest, serial_bayou_shore_b, lemuel_fruit_fields,
          lemuel_fruit_tree, uniq_rupert
Lair:5:   evil_forest, layout_loops_ring, slime_entry_1, grunt_megastairs_4
Orc:1:    layout_diamond_mine, serial_shops, shop
Orc:2:    st_orc_congregation, layout_caves, nicolae_orc_rockfall, uniq_sonja,
          uniq_snorg
Elf:1:    layout_geoelf_grid, serial_shops, shop, minivault_28,
          lemuel_upstairs_altar, hangedman_decor_cross_pass
Elf:2:    nicolae_elf_blades_splatter_lattice
          [nicolae_vaults_blade_armed_guards], layout_geoelf_octagon,
          serial_shops, bzr_entry_islet, hangedman_elf_simple_split, uniq_donald
Elf:3:    minmay_elf_hall_quartered_circle, layout_loops_cross, uniq_roxanne

Skill      XL: |  1  2  3  4  5  6  7  8  9 10 11 12 13 14 15 16 |
---------------+-------------------------------------------------+-----
Axes           | 2 4 5 6 8 10 12 13 15 16 18 19 20 | 20.3
Dodging        | 2 3 4 5 6 |  6.4
Armour         | 1 2 3 4 5 6 8 9 11 | 11.7
Fighting       | 4 6 7 8 10 11 12 14 16 | 16.7
Shields        | 1 2 3 4 5 |  5.1
Invocations    | 5 7 |  7.4
Throwing       | |  0.1
Stealth        | |  4.5
Evocations     | |  0.2

Action                   |  1- 3 |  4- 6 |  7- 9 | 10-12 | 13-15 | 16-18 || total
-------------------------+-------+-------+-------+-------+-------+-------++-------
Melee: War axe           |   100 |    64 |   131 |       |       |       ||   295
       Hand axe          |     3 |       |       |       |       |       ||     3
       Punch             |     1 |     1 |     6 |     3 |     3 |       ||    14
       Broad axe         |       |       |   150 |   453 |  1162 |   576 ||  2341
       Tailslap          |       |       |       |    55 |   243 |   106 ||   404
       Battleaxe         |       |       |       |       |    25 |     4 ||    29
Throw: Throwing net      |       |       |       |       |     2 |       ||     2
Invok: Heroism           |       |       |       |     1 |     5 |     6 ||    12
       Finesse           |       |       |       |       |     2 |     3 ||     5
Evoke: Wand              |       |       |     1 |       |     1 |       ||     2
  Use: Scroll            |     5 |     1 |     6 |    10 |    12 |    11 ||    45
       Potion            |       |     2 |     2 |     1 |     3 |    10 ||    18
 Stab: Sleeping          |    18 |     8 |     7 |       |       |       ||    33
       Petrified         |       |       |       |       |     3 |       ||     3
       Petrifying        |       |       |       |       |     2 |       ||     2
       Invisible         |       |       |       |       |       |     1 ||     1
Armor: Leather armour    |    23 |    12 |    11 |       |       |       ||    46
       Ring mail         |       |       |    39 |       |       |       ||    39
       Chain mail        |       |       |    66 |   248 |   587 |   275 ||  1176
Dodge: Dodged            |    57 |    27 |   133 |   159 |   354 |   146 ||   876
Block: Other             |       |     4 |    45 |    21 |    45 |     3 ||   118
       Buckler           |       |       |       |   115 |   269 |   185 ||   569

Table legend: (Time is in decaauts)
 A = Elapsed time spent in this place.
 B = Non-inter-level travel time spent in this place.
 C = Inter-level travel time spent in this place.
 D = Time resting spent in this place.
 E = Time spent auto-exploring this place.
 F = Levels seen in this place.
 G = Mean time per level.
                   A        B        C        D        E       F      G
               +--------+--------+--------+--------+--------+-----+--------+
         Total |  23986 |  22298 |   1688 |   1276 |  15810 |  30 |  799.5 |
       Dungeon |  13362 |  12459 |    903 |    466 |   9377 |  15 |  890.8 |
          Lair |   4748 |   4307 |    441 |    283 |   3205 |   5 |  949.6 |
  Orcish Mines |   1803 |   1540 |    263 |     76 |   1067 |   2 |  901.5 |
   Elven Halls |   2614 |   2534 |     80 |    395 |   1445 |   3 |  871.3 |
         Abyss |    279 |    279 |      0 |     56 |     78 |   1 |  279.0 |
        Bazaar |     64 |     64 |      0 |      0 |     42 |   1 |   64.0 |
        Bailey |    214 |    214 |      0 |      0 |     97 |   1 |  214.0 |
      Ice Cave |    478 |    478 |      0 |      0 |    290 |   1 |  478.0 |
      Gauntlet |    419 |    419 |      0 |      0 |    208 |   1 |  419.0 |
               +--------+--------+--------+--------+--------+-----+--------+

Top non-repeatable levels by time:
  Lair:5: 1511 daAuts
     D:4: 1477 daAuts
     D:6: 1146 daAuts
   Orc:2: 1104 daAuts
     D:5: 1102 daAuts
    D:11: 1069 daAuts
   Elf:3: 1055 daAuts
    D:13: 1046 daAuts
     D:9: 1025 daAuts
  Lair:4: 995 daAuts
     D:2: 902 daAuts
    D:10: 848 daAuts
  Lair:2: 824 daAuts
   Elf:2: 802 daAuts
     D:7: 799 daAuts
